 Dungeon Crawl Stone Soup version 0.30-a0-462-gd5975efbca (webtiles) character file.

Game seed: 13946612232012789673

1116 NinjaNoafa the Scholar of Death (level 8, 0/39 (41) HPs)
             Began as a Deep Elf Necromancer on Dec 16, 2022.
             Was a Follower of Kikubaaqudgha.
             Slain by a gnoll
             ... wielding a +2 spear of distortion
              (15 damage)
             ... on level 6 of the Dungeon.
             The game lasted 00:11:54 (5177 turns).

NinjaNoafa the Scholar of Death (DENe)              Turns: 5177, Time: 00:11:55

HP:   0/39 (41)     AC:  8    Str:  5    XL:     8   Next: 12%
MP:   13/22         EV:  6    Int: 23    God:    Kikubaaqudgha [*.....]
Gold: 286           SH:  0    Dex: 15    Spells: 4/23 levels left

rFire   . . .      SeeInvis .    y - +0 dagger
rCold   . . .      Faith    .    (no shield)
rNeg    . . .      Spirit   .    a - +0 robe
rPois   .          Reflect  .    h - +0 helmet
rElec   .          Harm     .    k - +0 cloak
rCorr   .          Rampage  .    (no gloves)
Will    .....                    (no boots)
Stlth   ++........               (no amulet)
HPRegen 0.26/turn                q - +4 ring of protection
MPRegen 0.18/turn                (no ring)

@: freezing walls, animating dead, held, lightly drained
A: no striking features
a: Renounce Religion, Unearth Wretches


You were on level 6 of the Dungeon.
You worshipped Kikubaaqudgha.
Kikubaaqudgha was aware of your devotion.
You visited 2 branches of the dungeon, and saw 7 of its levels.

You collected 286 gold pieces.

Inventory:

Hand Weapons
 y - a +0 dagger (weapon)
Missiles
 f - 37 stones
 t - 3 poisoned darts
 x - 3 boomerangs
Armour
 a - a +0 robe (worn)
 h - a +0 helmet (worn)
 k - a +0 cloak (worn)
Jewellery
 q - a +4 ring of protection (left hand)
 w - a ring of fire
Scrolls
 g - 3 scrolls of poison
 j - a scroll of silence
 l - a scroll of vulnerability
 p - 3 scrolls of butterflies
 s - a scroll of blinking
 u - 2 scrolls of immolation
 A - a scroll of acquirement
 C - a scroll of teleportation
Potions
 b - a potion of magic
 d - 2 potions of attraction
 e - a potion of invisibility
 i - a potion of cancellation {unknown}
 m - a potion of brilliance {unknown}
 n - a potion of might {unknown}
 o - 4 potions of curing
 r - 2 potions of heal wounds
 z - 2 potions of resistance
 B - a potion of flight {unknown}


   Skills:
 - Level 2.4 Dodging
 - Level 2.4 Stealth
 + Level 8.1 Spellcasting
 - Level 3.0 Hexes
 + Level 8.4 Necromancy
 + Level 4.4 Ice Magic


You had 4 spell levels left.
You knew the following spells:

 Your Spells              Type           Power      Damage    Failure   Level
a - Necrotise             Necr           100%       1d9       1%          1
b - Vampiric Draining     Necr           48%        2d9       1%          3
c - Freeze                Ice            100%       1d10      1%          1
d - Ensorcelled Hibernat  Hex/Ice        52%        N/A       2%          2
e - Animate Dead          Necr           48%        N/A       1%          4
f - Frozen Ramparts       Ice            60%        1d10      3%          3
g - Tukima's Dance        Hex            23%        N/A       6%          3
h - Sublimation of Blood  Necr           48%        N/A       1%          2

Your spell library contained the following spells:

 Spells                   Type           Power      Damage    Failure   Level
 Hailstorm                Conj/Ice       19%        3d6       9%          3
 Passwall                 Tmut/Erth      7%         N/A       11%         2
 Dazzling Flash           Conj/Hex       32%        N/A       11%         3
 Portal Projectile        Hex/Tloc       32%        N/A       11%         3
 Gell's Gravitas          Tloc           9%         N/A       21%         3
 Lesser Beckoning         Tloc           18%        N/A       21%         3
 Swiftness                Air            9%         N/A       21%         3
 Teleport Other           Tloc           9%         N/A       21%         3
 Agony                    Necr           48%        N/A       6%          5
 Silence                  Hex/Air        8%         N/A       71%         5
 Blade Hands              Tmut           4%         N/A       88%         5


Dungeon Overview and Level Annotations

Branches:
Dungeon (6/15)             Temple (1/1) D:4

Altars:
Ashenzari
Cheibriados
Dithmenos
Elyvilon
Gozag
Hepliaklqana
Kikubaaqudgha
Makhleb
Nemelex Xobeh
Qazlal
Ru
Zin
The Shining One


Message History

The gnoll shouts!
The gnoll barely misses you.
The wall freezes the gnoll.
The gnoll hits you but does no damage. Space warps around you.
The wall freezes the gnoll.
The wall freezes the orc!
You kill the orc!
Kikubaaqudgha accepts your kill.
The dead are walking!
You closely miss the gnoll.
The gnoll is almost dead.
The wall freezes the gnoll!
The gnoll hits you with a +0 club!
The wall freezes the gnoll.
You kill the gnoll!
Kikubaaqudgha accepts your kill.
The dead are walking!
The wall freezes the gnoll but does no damage.
The gnoll throws a throwing net.
The throwing net hits you.
You become entangled in the net!
The wall freezes the gnoll!
A hound comes into view.
Casting: Ensorcelled Hibernation (safe; 2% risk of failure)
Confirm with . or Enter, or press ? or * to list all spells.
Aiming: Ensorcelled Hibernation (safe; 2% risk of failure)
Press: ? - help, Shift-Dir - straight line, f - gnoll
Aim: a gnoll, wielding a +0 whip and quivering 2 throwing nets (heavily wounded, chance to affect: 66%)
Okay, then.
Casting: Ensorcelled Hibernation (safe; 2% risk of failure)
Confirm with . or Enter, or press ? or * to list all spells.
Aiming: Freeze (safe; 1% risk of failure)
Press: ? - help, Shift-Dir - straight line, f - gnoll
Aim: a gnoll, wielding a +0 whip and quivering 2 throwing nets (heavily wounded)
You freeze the gnoll!
You kill the gnoll!
Kikubaaqudgha accepts your kill.
The dead are walking!
The wall freezes the gnoll.
You kill the gnoll!
Kikubaaqudgha accepts your kill.
The wall freezes the gnoll.
The gnoll hits you from afar with a +2 spear of distortion.
Space warps horribly around you!
You die...
Kikubaaqudgha rasps: "You have failed me!
Welcome... death!"

###..........##
.......
..............#.
.......
................
.......
..............#
.......
..............#
.......
...........Z.#
.......
......Zg.Z...#
.......
.....###))##...
....... ... ##@#
....... . #.#
....... ...
....>#. ##h##
.....## ... ...
# ... . ...
..... ## #.


You could see a hound, a gnoll (ally target), 2 friendly gnoll zombies and a
friendly orc zombie.

Vanquished Creatures
  Sigmund (D:3)
  A water moccasin (D:6)
  An ogre (D:5)
  A phantom (Temple)
  A necrophage (D:4)
  A wight (D:5)
  3 hounds
  4 iguanas
  An orc wizard (D:5)
  9 gnolls
  3 adders
  An ufetubus (D:5)
  4 dart slugs
  10 orcs
  9 endoplasms
  A giant cockroach (D:1)
  7 goblins
  4 hobgoblins
  4 jackals (D:1)
  9 kobolds
  4 quokkas
  12 ball pythons
  2 bats
  3 frilled lizards
  5 rats
101 creatures vanquished.

Vanquished Creatures (collateral kills)
  An ice beast (D:5)
  A howler monkey (D:4)
  A jelly (D:5)
  A worm (D:2)
  A ball python (D:3)
  2 endoplasms
  3 goblins
  2 kobolds
12 creatures vanquished.

Vanquished Creatures (others)
  An orc zombie (D:5)
  A plant (D:4)
2 creatures vanquished.

Grand Total: 115 creatures vanquished

Notes
Turn   | Place    | Note
-------+----------+-------------------------------------------
     0 | D:1      | NinjaNoafa the Deep Elf Necromancer began the quest for the
                  | Orb.
     0 | D:1      | Reached XP level 1. HP: 10/10 MP: 6/6
   153 | D:1      | Reached skill level 5 in Necromancy
   200 | D:1      | Reached XP level 2. HP: 13/15 MP: 3/8
   524 | D:1      | Reached XP level 3. HP: 19/19 MP: 4/10
  1004 | D:2      | Learned a level 3 spell: Vampiric Draining
  2015 | D:3      | Reached XP level 4. HP: 24/24 MP: 7/12
  2036 | D:3      | Reached skill level 5 in Spellcasting
  2214 | D:3      | Noticed Sigmund
  2248 | D:3      | Killed Sigmund
  2249 | D:3      | Reached XP level 5. HP: 21/28 MP: 9/15
  2320 | D:3      | Reached XP level 6. HP: 32/32 MP: 14/17
  2845 | D:3      | Learned a level 1 spell: Freeze
  2948 | D:4      | Reached skill level 1 in Ice Magic
  3083 | D:4      | Found a staircase to the Ecumenical Temple.
  3090 | Temple   | Entered the Ecumenical Temple
  3099 | Temple   | Became a worshipper of Kikubaaqudgha
  3448 | D:4      | Learned a level 4 spell: Animate Dead
  3451 | D:4      | Learned a level 2 spell: Ensorcelled Hibernation
  3704 | D:4      | Reached XP level 7. HP: 36/36 MP: 8/19
  3909 | D:4      | Found a broken altar of Ashenzari.
  4113 | D:5      | Entered Level 5 of the Dungeon
  4130 | D:5      | Learned a level 3 spell: Frozen Ramparts
  4273 | D:5      | Reached skill level 1 in Hexes
  4841 | D:6      | Learned a level 3 spell: Tukima's Dance
  4854 | D:6      | Identified a scroll of acquirement
  4869 | D:6      | Reached * piety under Kikubaaqudgha
  4869 | D:6      | Received a gift from Kikubaaqudgha
  4875 | D:6      | Learned a level 2 spell: Sublimation of Blood
  4914 | D:6      | Reached XP level 8. HP: 36/41 MP: 9/22
  5177 | D:6      | Slain by a gnoll

Illustrated notes

Levels and vault maps discovered:
D:1:      dpeg_arrival_orchard, layout_loops_ring, minmay_pentomino_t2
D:2:      layout_loops_cross
D:3:      kb_forest_paths, layout_basic, uniq_sigmund
D:4:      layout_cave_pools, kennysheep_little_box,
          minmay_temple_entry_gardened_gates
D:5:      layout_rooms
D:6:      layout_rooms, nzn_overflow_gifts_of_might_and_magic,
          kennysheep_okawaru_gauntlet
Temple:   nicolae_temple_no_exploring_needed

Skill      XL: |  1  2  3  4  5  6  7 |
---------------+----------------------+-----
Necromancy     | 5 7 8 |  8.4
Spellcasting   | 4 6 7 8 |  8.1
Ice Magic      | 2 4 |  4.4
Hexes          | 3 |  3.0
Dodging        | |  2.4
Stealth        | |  2.4

Action                   |  1- 3 |  4- 6 |  7- 9 || total
-------------------------+-------+-------+-------++-------
Melee: Unarmed           |     7 |       |       ||     7
       Short sword       |     2 |    54 |     4 ||    60
       Punch             |       |     1 |       ||     1
       Dagger            |       |       |    17 ||    17
 Cast: Necrotise         |    71 |    41 |    15 ||   127
       Freeze            |       |    35 |    14 ||    49
       Vampiric Draining |       |     8 |     8 ||    16
       Animate Dead      |       |     4 |     7 ||    11
       Ensorcelled Hiber |       |     2 |     6 ||     8
       Frozen Ramparts   |       |       |     6 ||     6
       Tukima's Dance    |       |       |     2 ||     2
  Use: Scroll            |       |       |    14 ||    14
 Stab: Distracted        |     1 |       |     1 ||     2
       Sleeping          |       |     1 |     2 ||     3
Armor: Robe              |     3 |    37 |    14 ||    54
Dodge: Dodged            |    22 |    74 |    42 ||   138

Table legend: (Time is in decaauts)
 A = Elapsed time spent in this place.
 B = Non-inter-level travel time spent in this place.
 C = Inter-level travel time spent in this place.
 D = Time resting spent in this place.
 E = Time spent auto-exploring this place.
 F = Levels seen in this place.
 G = Mean time per level.
                   A        B        C        D        E       F      G
               +--------+--------+--------+--------+--------+-----+--------+
         Total |   5245 |   4964 |    281 |      0 |   4094 |   7 |  749.3 |
       Dungeon |   5079 |   4814 |    265 |      0 |   4010 |   6 |  846.5 |
        Temple |    166 |    150 |     16 |      0 |     84 |   1 |  166.0 |
               +--------+--------+--------+--------+--------+-----+--------+

Top non-repeatable levels by time:
     D:3: 1157 daAuts
     D:4: 1103 daAuts
     D:5: 1014 daAuts
     D:1: 984 daAuts
     D:2: 701 daAuts
  Temple: 166 daAuts
     D:6: 118 daAuts
